Map: Traitor's Exile

Players

ILIEKEGGPIE

  • Race: Protoss Protoss
  • League: Gold
  • Spawn Location: 5:00

BizMac

  • Race: Zerg Zerg
  • Spawn Location: 6:00

trAt - Winner!

  • Race: Zerg Zerg
  • League: Gold
  • Spawn Location: 12:00

microsin - Winner!

  • Race: Zerg Zerg
  • Spawn Location: 9:00

VOD

Have the link to the VOD?

Description

Time

  • Played on: April 5, 2018, 1:28 p.m.
  • Length: 6:07
Show
View Real Time Build Order
Export as new Build Order

ILIEKEGGPIE Protoss 

Build Orders:  

Get SALT Encoding   

  12  0:00  Probe  
  13  0:13  Probe  
  14  0:19  Pylon  
  14  0:25  Probe (Chrono Boost)  
  15  0:37  Probe (Chrono Boost)  
  16  0:46  Gateway, Probe (Chrono Boost)  
  17  0:50  Assimilator  
  17  0:55  Probe  
  18  1:08  Probe  
  19  1:12  Gateway  
  19  1:20  Probe  
  20  1:34  Cybernetics Core  
  20  1:40  Probe  
  20  1:42  Pylon  
  21  1:51  Assimilator  
  21  1:53  Probe (Chrono Boost)  
  22  2:08  Gateway  
  22  2:09  Warp Gate (Chrono Boost)  
  21  2:19  Pylon  
  21  2:24  Adept x2  
  21  2:26  Probe  
  26  2:38  Probe  
  27  2:48  Pylon  
  27  3:05  Adept x3  
  33  3:18  Pylon  
  33  3:30  Robotics Facility  
  33  4:06  Stalker x3  
  39  4:17  Immortal (Chrono Boost)  
  43  4:30  Stalker x3  
  45  4:36  Gateway  
  35  4:39  Gateway  
  35  4:51  Pylon  
  35  4:54  Pylon  
  35  4:58  Pylon  
  35  5:07  Stalker x3  
  35  5:10  Pylon  
  35  5:12  Pylon  
  41  5:15  Immortal (Chrono Boost)  
  45  5:34  Zealot x2  
  41  5:45  Stalker  
  37  5:54  Zealot x2  
Show
View Real Time Build Order
Export as new Build Order

BizMac Zerg 

Build Orders: Pool First 

Get SALT Encoding   

  12  0:02  Drone  
  13  0:09  Drone  
  14  0:18  Overlord  
  14  0:36  Drone x3  
  17  0:53  Extractor  
  16  0:57  Spawning Pool  
  16  0:59  Drone x2  
  17  1:12  Drone  
  18  1:32  Drone x2  
  20  1:43  Overlord  
  20  1:47  Queen  
  20  1:48  Hatchery  
  21  1:55  Metabolic Boost  
  21  2:01  Zergling x2  
  22  2:05  Zergling x2  
  23  2:14  Zergling x2  
  24  2:27  Zergling x2  
  25  2:38  Baneling Nest  
  25  2:39  Zergling x2  
  25  2:55  Zergling x2  
  26  3:05  Drone x2  
  26  3:06  Drone x2, Queen  
  32  3:14  Drone  
  32  3:15  Extractor  
  31  3:24  Zergling x4  
  31  3:25  Zergling x2  
  34  3:27  Baneling x2  
  34  3:35  Lair  
  34  3:40  Zergling x4  
  36  3:41  Overlord x2  
  31  3:58  Zergling x2  
  31  3:59  Zergling x6  
Show
View Real Time Build Order
Export as new Build Order

trAt Zerg - Winner!

Build Orders: Pool First 

Get SALT Encoding   

  12  0:01  Drone  
  13  0:09  Drone  
  14  0:28  Spawning Pool  
  13  0:30  Drone  
  14  0:39  Overlord  
  14  0:45  Drone, Extractor  
  14  0:54  Overlord  
  14  1:03  Drone x2  
  16  1:20  Queen  
  16  1:23  Drone  
  19  1:37  Zergling x2  
  19  1:38  Zergling x2  
  21  1:45  Zergling x2  
  22  1:48  Metabolic Boost  
  22  2:06  Zergling x2  
  23  2:12  Zergling x2  
  24  2:19  Zergling x2  
  25  2:35  Zergling x2  
  26  2:42  Hatchery  
  26  2:43  Zergling x2  
  26  2:48  Spine Crawler  
  21  3:07  Zergling x4  
  23  3:13  Zergling x2  
  24  3:29  Zergling x2  
  24  3:30  Zergling x4  
  27  3:39  Lair  
  27  3:43  Zergling x2  
  28  4:05  Zergling x4  
  28  4:06  Zergling x4  
  28  4:07  Drone, Zergling x2  
  32  4:19  Zergling x2  
  32  4:21  Zergling x2  
  32  4:22  Queen  
  35  4:33  Zergling x2  
  35  4:35  Zergling x2  
  35  4:43  Overlord  
  35  5:10  Zergling x2  
  35  5:11  Zergling x4  
  35  5:12  Drone x3  
  34  5:36  Zergling x4  
  34  5:37  Drone  
  34  5:38  Zergling x2  
  32  5:43  Hydralisk Den  
  32  5:45  Drone  
  32  5:47  Zergling x2  
Show
View Real Time Build Order
Export as new Build Order

microsin Zerg - Winner!

Build Orders: Pool Only 

Get SALT Encoding   

  12  0:01  Drone  
  13  0:10  Drone  
  14  0:19  Overlord  
  14  0:31  Extractor  
  14  0:33  Extractor  
  14  0:35  Drone x2  
  16  0:43  Drone  
  17  0:54  Spawning Pool  
  17  0:56  Drone  
  17  1:06  Drone  
  18  1:17  Drone  
  19  1:22  Extractor  
  19  1:24  Overlord  
  18  1:40  Extractor  
  18  1:41  Queen  
  19  1:53  Roach Warren  
  18  1:55  Drone x2  
  18  1:56  Drone  
  21  2:10  Overlord  
  21  2:36  Roach x2  
  25  2:44  Roach  
  27  2:53  Roach x4  
  35  3:15  Roach  
  35  3:18  Overlord  
  37  3:33  Drone  
  38  4:13  Roach x4  
  40  4:34  Roach x3  
  46  4:56  Lair  
  46  5:02  Spine Crawler  
Tags
 
Add a new tag
Caveats
  • Supply blocks, unpowered buildings, or Contaminate may cause inaccurate times.
  • Supply counts are checked every 10 seconds.